 Dungeon Sprint DCSS version 0.19-a0-895-gdbd5520 (webtiles) character file.

723 LORDOFBUTT the Grappler (level 7, -3/85 HPs)
             Began as a Troll Berserker on July 4, 2016.
             Was a Believer of Trog.
             Slain by a neqoxec (9 damage)
             ... in the Dungeon (Sprint II: "The Violet Keep of Menkaure").
             The game lasted 00:00:35 (206 turns).

LORDOFBUTT the Grappler (Troll Berserker)            Turns: 206, Time: 00:00:36

Health: -3/85      AC:  5    Str: 26    XL:     7   Next: 43%
Magic:  6/6        EV: 10    Int:  3    God:    Trog [**....]
Gold:   243        SH:  0    Dex: 11    Spells: 0 memorised, 6 levels left

rFire  . . .     SeeInvis .       - Unarmed
rCold  . . .     Gourm    +     a - +0 animal skin
rNeg   . . .     Faith    .     (no shield)
rPois  .         Spirit   .     (helmet restricted)
rElec  .         Dismiss  .     (no cloak)
rCorr  .         Reflect  .     (gloves unavailable)
SustAt .         Harm     .     (boots unavailable)
MR     .....     NoTele   +     (no amulet)
Stlth  +.........               (no ring)
                                (no ring)

@: exhausted, slowed, lost intelligence, very slow, not resistant to hostile
enchantments, very unstealthy
A: unfitting armour, claws 3, deterioration 1, fast metabolism 3, gourmand,
regeneration 2, shaggy fur 1, tough skin 2
a: Berserk, Trog's Hand, Burn Spellbooks, Renounce Religion


You were in the Dungeon.
You worshipped Trog.
Trog was pleased with you.
You were very hungry.

You visited 1 branch You collected 243 gold pieces.

Inventory:

Armour
 a - a +0 animal skin (worn)
Scrolls
 h - a scroll of blinking
Potions
 d - a potion of heal wounds
 e - a potion of haste
 f - 2 potions of magic
 g - a potion of berserk rage
Comestibles
 b - 2 bread rations


   Skills:
 + Level 10.1 Fighting
 - Level 2.4 Dodging
 + Level 11.7 Unarmed Combat


You had 6 spell levels left.
You didn't know any spells.

Dungeon Overview and Level Annotations

Branches:
Dungeon (1/1)

Altars:


Innate Abilities, Weirdness & Mutations

You are too large for most types of armour.
You have claws for hands.
Your metabolism is lightning-fast.
You like to eat raw meat.
You heal very quickly.
You are covered in fur. (AC +1)
You have very tough skin. (AC +2)
Your body sometimes deteriorates upon taking damage.


Message History

You closely miss the neqoxec. The neqoxec completely misses you.
The neqoxec hits you!
* * * LOW HITPOINT WARNING * * *
The crimson imp blinks!
You eviscerate the neqoxec!!!
You kill the neqoxec!
Trog accepts your kill.
You can now call upon Trog for regeneration and protection from hostile enchantments.
Your Fighting skill increases to level 10!
You feel your intelligence returning.
The ufetubus disappears in a puff of smoke!
The iron imp disappears in a puff of smoke!
The neqoxec hits you!
* * * LOW HITPOINT WARNING * * *
You claw the neqoxec!
The neqoxec is moderately wounded.
The neqoxec hits you!
* * * LOW HITPOINT WARNING * * *
The neqoxec hits you!
You die...

### ##
#..##5#
## #.$3#
##.###@#
#...##§##
+##.'.<.+
#..†##.##
##.###+#
##


You could see a neqoxec and an ufetubus.

Vanquished Creatures
  3 neqoxecs (D)
  4 necrophages (D)
7 creatures vanquished.

Vanquished Creatures (others)
  Menkaure (D)
  A crocodile (D)
2 creatures vanquished.

Grand Total: 9 creatures vanquished

Notes
Turn   | Place    | Note
-------+----------+-------------------------------------------
     0 | D        | LORDOFBUTT the Troll Berserker began the quest for the Orb.
     0 | D        | Reached XP level 1. HP: 22/22 MP: 0/0
     3 | D        | Noticed a necrophage
     3 | D        | Noticed a necrophage
     3 | D        | Noticed a necrophage
     3 | D        | Noticed a necrophage
     8 | D        | Killed a necrophage
     8 | D        | Reached skill level 5 in Fighting
     8 | D        | Reached skill level 6 in Unarmed Combat
     8 | D        | Reached XP level 2. HP: 30/30 MP: 1/1
     8 | D        | Reached XP level 3. HP: 37/37 MP: 2/2
     8 | D        | Reached XP level 4. HP: 45/45 MP: 3/3
    15 | D        | Killed a necrophage
    15 | D        | Reached skill level 8 in Unarmed Combat
    15 | D        | Reached XP level 5. HP: 48/55 MP: 4/4
    18 | D        | Killed a necrophage
    18 | D        | Reached skill level 9 in Unarmed Combat
    21 | D        | Killed a necrophage
    21 | D        | Reached XP level 6. HP: 48/68 MP: 5/5
    85 | D        | Killed Menkaure
   182 | D        | Noticed a neqoxec
   182 | D        | Noticed a neqoxec
   182 | D        | Noticed a neqoxec
   182 | D        | Noticed a neqoxec
   185 | D        | Lost intelligence.
   195 | D        | Killed a neqoxec
   195 | D        | Reached skill level 10 in Unarmed Combat
   201 | D        | Gained mutation: Your body sometimes deteriorates upon taking damage. [a neqoxec]
   203 | D        | Killed a neqoxec
   203 | D        | Reached skill level 11 in Unarmed Combat
   203 | D        | Reached XP level 7. HP: 43/83 MP: 6/6
   205 | D        | Killed a neqoxec
   205 | D        | Reached ** piety under Trog
   205 | D        | Reached skill level 10 in Fighting
   206 | D        | Slain by a neqoxec

Vault maps used:
D:        the_violet_keep_of_menkaure

Skill      XL: |  1  2  3  4  5  6  7 |
---------------+----------------------+-----
Fighting       | 5 6 8 9 10 | 10.1
Unarmed Combat | 6 8 9 11 | 11.7
Dodging        | |  2.4

Action                   |  1- 3 |  4- 6 |  7- 9 || total
-------------------------+-------+-------+-------++-------
Melee: Unarmed           |     3 |    27 |     3 ||    33
Invok: Berserk           |     1 |     1 |       ||     2
  Use: Potion            |       |     1 |       ||     1
Armor: Animal skin       |     1 |    11 |       ||    12
Dodge: Dodged            |     3 |    16 |     3 ||    22
